 Dungeon Crawl Stone Soup version 0.31-a0-532-g28f74ba3e5 (webtiles) character file.

Game seed: 17094508428101776168

1749808 Midn8 the Slayer (level 25, 187/187 HPs)
             Began as a Deep Elf Hexslinger on Aug 12, 2023.
             Was the Champion of Ashenzari.
             Escaped with the Orb
             ... and 3 runes!
             The game lasted 04:31:25 (60498 turns).

Midn8 the Slayer (Deep Elf Hexslinger)             Turns: 60498, Time: 04:31:25

Health: 187/187    AC: 24    Str:  7    XL:     25   Next: 31%
Magic:  30/44      EV: 36    Int: 29    God:    Ashenzari [******]
Gold:   3631       SH:  0    Dex: 25    Spells: 8/65 levels left

rFire   + . .        N - +7 longbow of Toth-Mos's Legacy {drain, Range, Dev} (curse)
rCold   + . .        (shield currently unavailable)
rNeg    + . .        W - +2 troll leather armour of Ashenzari's Sorrow {Regen+, Fort, Bglg} (curse)
rPois   .            m - +2 helmet of Supernal Knowledge {Cun, Bglg} (curse)
rElec   .            U - +1 cloak of the Cursed Sun {Will+, Comp, Bglg} (curse)
rCorr   .            f - +2 pair of gloves of the Eye in the Sky {Elem, Self} (curse)
SInv    +            T - +2 pair of boots of the Shattered Gloom {Fly, Self, Bglg} (curse)
Will    +++..        d - macabre finger necklace {Finger+ rN+, Bglg, Comp} (curse)
Stlth   +            H - ring of the Chained Gnosis {AC+4, Range, Self} (curse)
HPRegen 1.31/turn    M - ring of Ashenzari's Stars {Int+6, Fort, Alch} (curse)
MPRegen 0.29/turn    z - ring of the Restrained Sphere {rF+ EV+5 Str+2 Slay+2, Comp, Elem} (curse)

%: clarity
@: on dragon call cooldown, flying, studying 2 skills
A: iridescent scales 1, cold resistance 1, low MP 1
0: Orb of Zot
}: 3/15 runes: serpentine, barnacled, silver
a: Renounce Religion, Shatter the Chains


You escaped.
You worshipped Ashenzari.
Ashenzari was exalted by your worship.
You visited 9 branches of the dungeon, and saw 47 of its levels.
You also visited: Bailey, Gauntlet, Ice Cave, Wizlab and Desolation.

You collected 7666 gold pieces.
You spent 4035 gold pieces at shops.

Inventory:

Hand Weapons
 o - a +5 orcbow of freezing
 N - the cursed +7 longbow of Toth-Mos's Legacy (weapon) {drain, Range, Dev}
   (You took it off a naga sharpshooter on level 1 of the Snake Pit)

   It has a curse which improves the following skills: Ranged Combat: Ranged
   Weapons and Throwing.
   Devices:   Evocations and Shapeshifting.
Missiles
 r - 45 poisoned darts
 G - 7 throwing nets
Armour
 f - the cursed +2 pair of gloves of the Eye in the Sky (worn) {Elem, Self}
   (You found it on level 1 of the Dungeon)

   It has a curse which improves the following skills: Elements: Fire Magic, Ice
   Magic, Air Magic and Earth Magic.
   Introspection: Fighting and Spellcasting.
 m - the cursed +2 helmet of Supernal Knowledge (worn) {Cun, Bglg}
   (You found it on level 3 of the Dungeon)

   It has a curse which improves the following skills: Cunning: Dodging and
   Stealth.
   Beguiling: Conjurations, Hexes and Translocations.
 T - the cursed +2 pair of boots of the Shattered Gloom (worn) {Fly, Self, Bglg}
   (You acquired it on level 5 of the Lair of Beasts)

   It has a curse which improves the following skills: Introspection: Fighting
   and Spellcasting.
   Beguiling: Conjurations, Hexes and Translocations.
 U - the cursed +1 cloak of the Cursed Sun (worn) {Will+, Comp, Bglg}
   (You found it on level 5 of the Lair of Beasts)

   It has a curse which improves the following skills: Companions: Summonings
   and Necromancy.
   Beguiling: Conjurations, Hexes and Translocations.
 W - the cursed +2 troll leather armour of Ashenzari's Sorrow (worn) {Regen+, Fort, Bglg}
   (You found it on level 11 of the Dungeon)

   Regen+:    It increases your rate of health regeneration.
   It has a curse which improves the following skills: Fortitude: Armour and
   Shields.
   Beguiling: Conjurations, Hexes and Translocations.
Jewellery
 c - a ring of willpower
 d - the cursed macabre finger necklace (around neck) {Finger+ rN+, Bglg, Comp}
   (You bought it in a shop on level 2 of the Orcish Mines)

   [amulet of nothing]

   Finger+:   It enables you to equip an extra ring.
   rN+:       It protects you from negative energy.
   It has a curse which improves the following skills: Beguiling: Conjurations,
   Hexes and Translocations.
   Companions: Summonings and Necromancy.
 z - the cursed ring of the Restrained Sphere (on amulet) {rF+ EV+5 Str+2 Slay+2, Comp, Elem}
   (You found it in the Desolation of Salt)

   [ring of evasion]

   EV+5:      It affects your evasion (+5).
   Str+2:     It affects your strength (+2).
   Slay+2:    It affects your accuracy & damage with ranged weapons and melee
   (+2).
   rF+:       It protects you from fire.
   It has a curse which improves the following skills: Companions: Summonings
   and Necromancy.
   Elements:  Fire Magic, Ice Magic, Air Magic and Earth Magic.
 F - the ring of Dokoakhla {rC+ Will+ Str+5}
   (You found it on level 4 of the Shoals)

   [ring of willpower]

   Str+5:     It affects your strength (+5).
   rC+:       It protects you from cold.
   Will+:     It increases your willpower.
 H - the cursed ring of the Chained Gnosis (left hand) {AC+4, Range, Self}
   (You took it off a gnoll on level 10 of the Dungeon)

   [ring of protection]

   AC+4:      It affects your AC (+4).
   It has a curse which improves the following skills: Ranged Combat: Ranged
   Weapons and Throwing.
   Introspection: Fighting and Spellcasting.
 M - the cursed ring of Ashenzari's Stars (right hand) {Int+6, Fort, Alch}
   (You found it on level 2 of the Lair of Beasts)

   [ring of intelligence]

   Int+6:     It affects your intelligence (+6).
   It has a curse which improves the following skills: Fortitude: Armour and
   Shields.
   Alchemy:   Poison Magic and Transmutations.
 S - an amulet of the acrobat
 Z - the ring "Juoqul" {rC+ rCorr Dex+2}
   (You found it in a Gauntlet)

   [ring of resist corrosion]

   Dex+2:     It affects your dexterity (+2).
   rC+:       It protects you from cold.
   rCorr:     It protects you from acid and corrosion.
Talismans
 x - a granite talisman
Wands
 p - a wand of flame (50)
 D - a wand of charming (50)
 E - a wand of quicksilver (48)
 J - a wand of polymorph (19)
 R - a wand of roots (56)
 V - a wand of mindburst (50)
Scrolls
 b - 4 scrolls of poison
 j - 4 scrolls of blinking
 k - 4 scrolls of revelation
 n - 6 scrolls of amnesia
 s - a scroll of silence
 t - 4 scrolls of brand weapon
 v - 10 scrolls of fear
 w - 5 scrolls of vulnerability
 B - 3 scrolls of summoning
 I - 7 scrolls of fog
 L - 19 scrolls of teleportation
Potions
 e - 15 potions of haste
 g - 9 potions of heal wounds
 h - 9 potions of enlightenment
 i - 20 potions of curing
 q - 5 potions of cancellation
 u - 4 potions of brilliance
 A - 4 potions of ambrosia
 C - 5 potions of might
 K - 7 potions of mutation
 O - 3 potions of resistance
 P - 6 potions of invisibility
 Q - 4 potions of berserk rage
 Y - 4 potions of magic
Miscellaneous
 a - a box of beasts
 l - a phantom mirror
 y - a lightning rod (4/4)
 X - a phial of floods


   Skills:
 + Level 23.3(27) Fighting
 - Level 18.0(21.4) Ranged Weapons
 - Level 3.7(6.9) Armour
 - Level 19.8(22.0) Dodging
 - Level 15.9(20.5) Spellcasting
 - Level 3.8(9.4) Conjurations
 - Level 17.2(23.6) Hexes
 - Level 22.7(27) Summonings
 - Level 10.4(17.0) Translocations
 - Level 4.6(6.9) Transmutations
 - Level 3.0(6.0) Fire Magic
 - Level 12.0(14.4) Evocations


You had 8 spell levels left.
You knew the following spells:

 Your Spells              Type           Power      Damage    Failure   Level
c - Dragon's Call         Summ           56%        N/A       2%          9
d - Discord               Hex            52%        N/A       1%          8
e - Cause Fear            Hex            52%        N/A       0%          4
f - Inner Flame           Hex/Fire       86%        N/A       0%          3
g - Passage of Golubria   Tloc           91%        N/A       0%          4
r - Portal Projectile     Hex/Tloc       100%       N/A       0%          3
s - Enfeeble              Hex            52%        N/A       1%          7
t - Malign Gateway        Summ/Tloc      51%        N/A       1%          7
v - Summon Mana Viper     Hex/Summ       100%       N/A       0%          5
y - Yara's Violent Unrav  Hex/Tmut       43%        3d17      1%          5
B - Blink                 Tloc           100%       N/A       0%          2

Your spell library contained the following spells:

 Spells                   Type           Power      Damage    Failure   Level
 Apportation              Tloc           100%       N/A       0%          1
 Slow                     Hex            100%       N/A       0%          1
 Summon Small Mammal      Summ           100%       N/A       0%          1
 Call Imp                 Summ           100%       N/A       0%          2
 Momentum Strike          Conj/Tloc      100%       3d10      0%          2
 Call Canine Familiar     Summ           100%       N/A       0%          3
 Confusing Touch          Hex            100%       N/A       0%          3
 Summon Guardian Golem    Hex/Summ       100%       N/A       0%          3
 Teleport Other           Tloc           91%        N/A       0%          3
 Manifold Assault         Tloc           91%        N/A       0%          4
 Summon Forest            Summ/Tloc      51%        N/A       0%          5
 Summon Cactus Giant      Summ           56%        N/A       0%          6
 Kiss of Death            Conj/Necr      100%       2d13      1%          1
 Magic Dart               Conj           100%       1d8       1%          1
 Necrotise                Necr           100%       1d9       1%          1
 Scorch                   Fire           100%       2d9       1%          2
 Searing Ray              Conj           100%       2d8       1%          2
 Static Discharge         Conj/Air       100%       2-7/arc   1%          2
 Sublimation of Blood     Necr           33%        N/A       1%          2
 Hailstorm                Conj/Ice       55%        3d12      1%          3
 Ignite Poison            Fire/Tmut/Pois 53%        N/A       1%          3
 Mephitic Cloud           Conj/Pois/Air  49%        N/A       1%          3
 Vhi's Electric Charge    Tloc/Air       100%       N/A       1%          3
 Animate Armour           Summ/Erth      100%       N/A       1%          4
 Flame Wave               Conj/Fire      65%        2d15      1%          4
 Fulminant Prism          Conj/Hex       45%        3d20      1%          4
 Leda's Liquefaction      Hex/Erth       39%        N/A       1%          4
 Sticky Flame             Conj/Fire      65%        2d8       1%          4
 Summon Ice Beast         Ice/Summ       83%        N/A       1%          4
 Summon Lightning Spire   Summ/Air       83%        N/A       1%          4
 Fireball                 Conj/Fire      32%        3d14      1%          5
 Irradiate                Conj/Tmut      33%        3d22      1%          5
 Metabolic Englaciation   Hex/Ice        39%        N/A       1%          5
 Silence                  Hex/Air        39%        N/A       1%          5
 Dispersal                Tloc           45%        N/A       1%          6
 Monstrous Menagerie      Summ           56%        N/A       1%          7
 Summon Horrible Things   Summ           56%        N/A       1%          8
 Cigotuvi's Dreadful Rot  Necr/Pois/Air  64%        N/A       2%          2
 Petrify                  Tmut/Erth      51%        N/A       3%          4
 Ozocubu's Armour         Ice            32%        N/A       4%          3
 Vampiric Draining        Necr           33%        2d8       4%          3
 Alistair's Intoxication  Tmut/Pois      33%        N/A       11%         5
 Disjunction              Tloc           45%        N/A       11%         8
 Airstrike                Air            16%        2d(3-19)  14%         4
 Dispel Undead            Necr           33%        3d14      14%         4
 Orb of Destruction       Conj           35%        9d10      30%         7
 Conjure Ball Lightning   Conj/Air       27%        3x3d8     34%         6
 Leda's Unmaking          Conj/Erth      27%        9d5       34%         6
 Agony                    Necr           33%        N/A       36%         5
 Borgnjor's Vile Clutch   Necr/Erth      16%        N/A       36%         5
 Lee's Rapid Deconstruct  Erth           16%        3d10*     38%         5
 Eringya's Noxious Bog    Tmut/Pois      25%        4d6       52%         6
 Death Channel            Necr           16%        N/A       91%         6
 Simulacrum               Ice/Necr       16%        N/A       91%         6
 Lehudib's Crystal Spear  Conj/Erth      27%        10d7      100%        8


Dungeon Overview and Level Annotations

Branches:
Dungeon (15/15)            Temple (0/1) D:7            Lair (5/5) D:8
 Shoals (4/4) Lair:3        Snake (4/4) Lair:2        Slime (0/5) Lair:4
    Orc (2/2) D:12            Elf (3/3) Orc:2        Vaults (5/5) D:13
  Crypt (0/3) Vaults:2     Depths (4/4) D:15            Zot (5/5) Depths:4
 Bailey (visited)           IceCv (visited)          WizLab (visited)
Desolation (visited)      Gauntlet (visited)

Altars:
Ashenzari
Elyvilon
Kikubaaqudgha
Nemelex Xobeh
Qazlal
Trog
Xom
Yredelemnul
Jiyva

Shops:
Orc:2 *=[   Elf:3 [   Snake:2 !   Snake:4 :   Vaults:1 ?   Vaults:2 !=*[
Vaults:4 (   Vaults:5 (   Depths:1 :   Depths:2 ==:

Portals:
Hell: Depths:1 Depths:2 Depths:3 Depths:4
Abyss: Depths:2 Depths:3 Depths:4
Pandemonium: Depths:2 Depths:3
Ziggurat: Depths:3

Annotations:
D:5 1 runed translucent door, redkitty's ghost, novice GnFi
D:9 2 transporters, sunglassesatnite's ghost, novice MiBe
D:13 3 runed translucent doors, Tuedos's ghost, journeyman BaGl
Snake:2 1 runed translucent door, Roemi Joo's ghost, journeyman FeCK
Elf:2 3 runed translucent doors
Vaults:1 2 transporters, exclusion: orange crystal statue
Vaults:4 2 transporters


Innate Abilities, Weirdness & Mutations

You are partially covered in iridescent scales. (AC +2)
Your flesh is cold resistant. (rC+)
Your magical capacity is low. (-10% MP)


Message History

A dragon arrives to answer your call!
Your quicksilver dragon bites the Tzitzimitl!
Your quicksilver dragon claws the Tzitzimitl but does no damage.
Unknown command.
You shoot an arrow.
The arrow closely misses the Tzitzimitl.
The Tzitzimitl completely misses you. The Tzitzimitl bites you!
You partially resist.
You feel drained.
Unknown command.
You shoot an arrow.
The arrow hits the Tzitzimitl but does no damage.
The Tzitzimitl is heavily wounded.
Your quicksilver dragon closely misses the Tzitzimitl.
Your quicksilver dragon claws the Tzitzimitl!
The Tzitzimitl completely misses you. The Tzitzimitl closely misses you.
Unknown command.
You shoot an arrow. The arrow hits the Tzitzimitl!!
The Tzitzimitl is almost dead.
A dragon arrives to answer your call!
Your quicksilver dragon bites the Tzitzimitl but does no damage.
Your quicksilver dragon claws the Tzitzimitl but does no damage.
Unknown command.
You shoot an arrow. The arrow barely misses the Tzitzimitl.
The Tzitzimitl barely misses you. The Tzitzimitl bites you.
Your golden dragon barely misses the Tzitzimitl.
Your golden dragon claws the Tzitzimitl!
The Tzitzimitl dies!
Your life force feels restored.
Unknown command.
What level of the Dungeon? (default 1, ? - help)
There is a stone staircase leading up here.
You fly upwards.
Your summoned allies are left behind.
HP restored.
There is a stone staircase leading down here.
There is a stone staircase leading up here.
You fly upwards.
There is a stone staircase leading down here.
There is a shaft here.
There is a staircase leading out of the dungeon here.
The roar of the dragon horde subsides.
You have escaped!

#######...#...#...#........#
##.##..##♣.♣########.#
#......# ♣.♣########.#
#..###.# ♣.♣#......#.#
#######..###.# ♣.♣######.#.#
.............# ♣.♣ #{#.#
.........######♣.♣#### #...#
#######.......#♣.♣#..# #.###
######..#♣@♣#..# #.# #####
#.##♣.♣##.# #.# #...# #.#
♣.♣ #.# #.# ###.#.###
#.##♣.♣ #.# #.# ##...#...#
#..#♣.♣ #.# #.# ...#####.#
####♣.♣##.###.# ##..>#...#
♣.♣#......# ###.#.###
#♣.♣##.###.#### #...#
#...##........#


There were no monsters in sight!

Vanquished Creatures
  2 dread liches
  Mara (Shoals:3)
  An ancient lich (Depths:2)
  Bai Suzhen (Depths:2)
  6 golden dragons
  Nikola (Snake:2)
  Norris (Vaults:1)
  A profane servitor (Depths:2)
  2 tentacled monstrosities (Vaults:5)
  A walking crystal tome (Depths:2)
  Mlioglotl (Lair:3)
  Rupert (Orc:1)
  10 Orb Guardians (Zot:5)
  2 liches (Depths:2)
  A deep elf blademaster (Elf:3)
  Jorgrun (D:14)
  2 krakens (Shoals:3)
  An ancient champion (Depths:4)
  A sphinx (shapeshifter) (Vaults:5)
  5 quicksilver dragons
  Frances (D:12)
  4 sphinxes
  3 death cobs
  7 tengu reavers
  Donald (Shoals:3)
  3 storm dragons
  A draconian monk (Depths:4)
  4 shadow dragons
  A draconian knight (Zot:5)
  16 nagarajas
  Ilsuiw (Shoals:3)
  3 deep elf sorcerers (Elf:3)
  4 fire giants
  9 frost giants
  Roxanne (Shoals:2)
  3 iron dragons
  Louise (D:14)
  A juggernaut zombie (D:15)
  An orc warlord (Elf:1)
  3 deep elf elementalists (Elf:3)
  6 vault wardens
  2 imperial myrmidons (Desolation)
  A spectral juggernaut (Depths:1)
  2 spriggan defenders (Depths:3)
  5 draconian stormcallers
  A formless jellyfish (Vaults:2)
  A formless jellyfish (shapeshifter) (Vaults:5)
  5 ironbound preservers
  7 stone giants
  2 vampire knights
  A reaper (Depths:2)
  3 very ugly things (Vaults:5)
  6 ironbound thunderhulks
  8 deep elf annihilators (Elf:3)
  2 green draconians
  6 deep elf demonologists
  A red draconian (Depths:4)
  2 halazid warlocks (Desolation)
  A yellow draconian (Zot:3)
  Azrael (Orc:2)
  A black draconian (Zot:5)
  A minotaur (Gauntlet)
  4 dire elephants
  8 white draconians
  A purple draconian (Zot:3)
  3 spark wasps
  2 blizzard demons
  A green death (WizLab)
  A crystal guardian (Desolation)
  2 deep elf death magi (Elf:3)
  5 ettins
  8 fire dragons
  A merfolk javelineer (Shoals:4)
  Josephine (Orc:2)
  9 merfolk impalers
  5 great orbs of eyes
  4 servants of whispers (Desolation)
  9 yaktaur captains
  4 deep elf high priests (Elf:3)
  6 salamander tyrants
  2 ragged hierophants (Desolation)
  3 catoblepae
  9 hydras
  A merfolk avatar (Shoals:4)
  13 ice dragons
  3 peacekeepers (Desolation)
  2 rakshasas
  2 ogre magi (Orc:2)
  3 vault guards
  2 spriggan air magi
  11 ironbound frosthearts
  A merfolk aquamancer (Shoals:3)
  7 boulder beetles
  22 dancing weapons
  10 two-headed ogres
  A two-headed ogre (shapeshifter) (Vaults:5)
  3 tengu warriors
  2 satyrs
  19 anacondas
  14 naga warriors
  4 centaur warriors
  2 deep troll shamans
  2 demonic crawlers (D:14)
  2 alligator snapping turtles (Shoals:4)
  3 hell hogs
  5 deep troll earth magi
  4 death yaks (Lair:5)
  An orc high priest (Elf:1)
  11 naga sharpshooters
  Amaemon (Lair:1)
  6 shock serpents
  A spriggan berserker (Depths:3)
  5 soul eaters
  2 deep elf knights
  2 sun demons (Depths:2)
  10 skeletal warriors
  2 hell knights (Depths:3)
  4 iron trolls
  5 skysharks
  3 salamander mystics
  12 sea snakes
  A shadow wraith (Vaults:5)
  10 deep elf archers
  An orb spider (shapeshifter) (Lair:2)
  2 flayed ghosts (Depths:3)
  16 deep trolls
  9 naga ritualists
  5 necromancers
  2 bog bodies (Shoals:1)
  12 wizards
  6 harpies
  A glowing orange brain (Depths:1)
  9 deep elf zephyrmancers
  4 orc knights
  A kraken simulacrum (Shoals:4)
  An orange crystal statue (IceCv)
  15 ironbound convokers
  4 lindwurms
  A harpy (shapeshifter) (D:13)
  5 phantasmal warriors
  20 ugly things
  17 deep elf pyromancers
  18 mana vipers
  An oklob plant (Lair:1)
  8 cyclopes
  2 orc sorcerers (Orc:1)
  4 fauns (Shoals:2)
  13 salamanders
  13 manticores
  7 moths of wrath
  3 guardian serpents
  3 ice statues
  7 vault sentinels
  3 merfolk sirens
  A water nymph (shapeshifter) (Vaults:5)
  An eye of devastation (shapeshifter) (Lair:2)
  10 elephants
  37 black mambas
  6 water nymphs
  6 smoke demons (Depths:2)
  6 centaur zombies (D:10)
  15 naga magi
  5 cane toads
  Maggie (Lair:2)
  4 unseen horror zombies (D:10)
  3 torpor snails
  An orange demon (Lair:2)
  A kobold demonologist (D:11)
  Psyche (D:8)
  A hellion (Depths:2)
  A spriggan zombie (D:15)
  13 komodo dragons
  14 rime drakes
  5 tengu conjurers
  9 yaktaurs
  5 freezing wraiths
  A yaktaur zombie (Vaults:3)
  6 wind drakes
  15 merfolk
  3 meliai (Gauntlet)
  A red devil (Depths:2)
  9 trolls
  10 polar bears
  A merfolk (shapeshifter) (Depths:3)
  A hornet (shapeshifter) (Elf:1)
  An unseen horror skeleton (D:10)
  4 hornets
  A raiju (shapeshifter) (Vaults:5)
  20 saltlings (Desolation)
  A polar bear (shapeshifter) (D:15)
  Grinder (D:4)
  18 blink frogs
  3 centaur simulacra (Gauntlet)
  6 snapping turtles
  2 dream sheep (Shoals:2)
  A dream sheep (shapeshifter) (Depths:1)
  19 slime creatures
  4 flying skulls (D:10)
  Sigmund (D:2)
  A spriggan skeleton (D:15)
  3 air elementals
  10 wraiths
  5 spriggans
  5 shadows (D:10)
  8 water elementals
  73 yaks
  2 ynoxinuls
  3 vampires
  2 wyverns
  7 fire elementals
  7 basilisks
  A neqoxec (Zot:4)
  45 nagas
  3 wargs
  11 vampire mosquitoes
  4 acid dragons
  10 water moccasins
  An entropy weaver zombie (Vaults:3)
  4 hell hounds
  2 ice beasts
  25 orc warriors
  A swamp drake (D:12)
  A sky beast (D:7)
  6 black bears
  24 ogres
  26 wolves
  2 human skeletons
  6 centaurs
  3 phantoms
  4 kobold brigands
  15 bullfrogs
  4 gnoll sergeants
  3 earth elementals
  6 scorpions
  16 wights
  A human simulacrum (Vaults:3)
  6 killer bees (D:9)
  4 howler monkeys
  2 hounds
  4 jellies
  A wyvern simulacrum (Gauntlet)
  5 orc priests
  2 centaur skeletons (D:10)
  2 gnoll boudas
  2 iguanas (D:5)
  5 sleepcaps
  19 orc wizards
  Robin (D:3)
  26 gnolls
  4 adders
  3 howler monkey skeletons (D:10)
  A shadow imp (D:6)
  A worm (D:2)
  5 dart slugs
  62 orcs
  4 bats
  3 endoplasms
  3 giant cockroaches
  13 goblins
  8 hobgoblins
  18 kobolds
  7 quokkas
  5 ball pythons
  5 frilled lizards
  4 rats
  2 tentacles (Shoals:3)
1542 creatures vanquished.

Vanquished Creatures (collateral kills)
  A dread lich (Vaults:5)
  2 ancient liches (Zot:5)
  2 orbs of fire (Zot:5)
  Mennas (Vaults:4)
  A juggernaut (Depths:3)
  Sojobo (Depths:2)
  Vv (Zot:3)
  2 Killer Klowns (Zot:5)
  Xtahua (Vaults:4)
  A caustic shrike (Depths:3)
  2 golden dragons (Zot:5)
  2 electric golems (Zot:5)
  A Tzitzimitl (D:3)
  An Ice Fiend (D:9)
  Zenata (Vaults:2)
  2 tentacled monstrosities
  8 Orb Guardians (Zot:5)
  A titan (Vaults:5)
  2 liches
  2 quicksilver dragons
  A walking earthen tome (Depths:4)
  A walking divine tome (Depths:3)
  4 eldritch tentacles
  3 sphinxes (Vaults:5)
  3 death cobs
  2 shadow dragons (Depths:4)
  3 nagarajas (Snake:4)
  3 tengu reavers
  A draconian monk (Zot:5)
  2 storm dragons (Zot:5)
  5 vault wardens
  2 fire giants
  3 frost giants (Depths:2)
  A deep elf sorcerer (Elf:3)
  2 deep elf elementalists (Elf:3)
  4 draconian scorchers (Zot:5)
  An orc warlord (Vaults:4)
  4 ironbound preservers
  An imperial myrmidon (Desolation)
  2 ironbound thunderhulks
  2 draconian annihilators (Zot:3)
  5 stone giants
  8 very ugly things
  A war gargoyle (Vaults:5)
  A formless jellyfish (Vaults:4)
  A reaper (D:9)
  2 black draconians
  A deep elf demonologist (Elf:3)
  2 green draconians
  A deep elf annihilator (Elf:3)
  5 purple draconians
  6 dire elephants
  2 spark wasps (Depths:1)
  A white draconian (Zot:3)
  4 yellow draconians
  4 ettins
  2 merfolk javelineers
  3 ragged hierophants (Desolation)
  A crystal guardian (Desolation)
  3 deep elf death magi
  2 iron golems (Zot:2)
  7 yaktaur captains
  2 fire dragons (Depths:3)
  4 merfolk impalers
  A great orb of eyes (Vaults:1)
  A deep elf high priest (Elf:3)
  A peacekeeper (Desolation)
  2 ice dragons (Depths:3)
  A hell beast (Depths:4)
  26 vault guards
  2 ironbound frosthearts
  An alligator snapping turtle (Shoals:4)
  An anaconda (shapeshifter) (Depths:3)
  5 centaur warriors
  A merfolk aquamancer (Shoals:4)
  2 deep troll earth magi
  A tengu warrior (Depths:4)
  A titan zombie (Vaults:4)
  An orc high priest (Elf:1)
  A naga warrior (Snake:4)
  2 hell hogs (Depths:2)
  6 deep troll shamans
  2 hell knights (Depths:3)
  A spriggan berserker (Depths:2)
  5 iron trolls
  A sea snake (Shoals:4)
  4 skysharks
  23 deep trolls
  A cherub (Zot:3)
  2 flayed ghosts
  A naga ritualist (Snake:4)
  A glowing orange brain (Depths:3)
  5 ironbound convokers
  A deep elf archer (Elf:3)
  5 harpies (Shoals:2)
  2 orc knights
  3 lindwurms
  2 necromancers
  5 deep elf pyromancers
  12 ugly things
  A faun (shapeshifter) (Vaults:5)
  4 deep elf zephyrmancers (Elf:1)
  A manticore (Shoals:3)
  A cyclops (Shoals:4)
  3 salamanders
  5 fauns
  3 moths of wrath (Zot:3)
  A manticore (shapeshifter) (Vaults:5)
  A toenail golem (Depths:1)
  3 guardian serpents
  A vault sentinel (Vaults:4)
  An eye of devastation (Depths:3)
  5 merfolk sirens
  16 yaktaurs
  A tengu conjurer (Depths:2)
  A red devil (D:9)
  A tengu simulacrum (Vaults:3)
  8 merfolk
  A meliai (shapeshifter) (Vaults:5)
  18 saltlings (Desolation)
  4 snapping turtles
  An ettin skeleton (Vaults:4)
  A water elemental (Shoals:4)
  15 slime creatures
  2 nagas (Snake:4)
  2 floating eyes (Depths:3)
  4 hell hounds (Depths:2)
  9 orc warriors
  A human zombie (Vaults:3)
  A centaur (D:15)
  5 orc priests (Elf:1)
  An orc (D:15)
407 creatures vanquished.

Vanquished Creatures (others)
  2 Orb Guardians (Zot:5)
  A deep elf blademaster (Elf:3)
  32 eldritch tentacles
  A sphinx (Vaults:2)
  A storm dragon (Vaults:5)
  A vault warden (Vaults:5)
  An ironbound preserver (Vaults:2)
  4 stone giants
  6 very ugly things
  A formless jellyfish (Vaults:2)
  A deep elf demonologist (Elf:1)
  A yellow draconian (Zot:3)
  3 deep elf annihilators
  A deep elf high priest (Elf:3)
  A merfolk impaler (Shoals:4)
  2 yaktaur captains (Vaults:5)
  An ice dragon (Depths:3)
  A boulder beetle (Vaults:2)
  2 deep troll earth magi
  2 naga sharpshooters (Snake:4)
  3 hell knights
  A sea snake (Shoals:4)
  A naga ritualist (Snake:4)
  2 deep trolls
  2 harpies (Shoals:2)
  4 deep elf pyromancers
  A necromancer (Vaults:3)
  A phantasmal warrior (Vaults:5)
  A deep elf zephyrmancer (Elf:1)
  An ironbound convoker (Vaults:5)
  A wolf spider (shapeshifter) (Depths:3)
  3 ugly things
  2 orc knights
  A glowing shapeshifter (Depths:3)
  A moth of wrath (Zot:5)
  3 merfolk sirens
  An eye of devastation (Depths:3)
  7 yaktaurs
  2 merfolk
  A snapping turtle (Shoals:3)
  4 slime creatures
  A naga (Snake:4)
  A centaur (D:15)
  An orc (Orc:2)
  5 fulminant prisms
  17 tentacles (Shoals:3)
133 creatures vanquished.

Grand Total: 2082 creatures vanquished

Notes
Turn   | Place    | Note
-------+----------+-------------------------------------------
     0 | D:1      | Midn8 the Deep Elf Hexslinger began the quest for the Orb.
     0 | D:1      | Reached XP level 1. HP: 11/11 MP: 5/5
   127 | D:1      | Reached XP level 2. HP: 16/16 MP: 6/6
   461 | D:1      | Reached skill level 5 in Ranged Weapons
   461 | D:1      | Reached XP level 3. HP: 20/20 MP: 7/7
  1179 | D:2      | Reached XP level 4. HP: 24/24 MP: 8/8
  1214 | D:2      | Noticed Sigmund
  1650 | D:3      | Learned a level 3 spell: Inner Flame
  1871 | D:3      | Found a faded altar of an unknown god.
  1935 | D:4      | Noticed a phantom
  1997 | D:4      | Noticed a scorpion
  2236 | D:3      | Killed a phantom
  2237 | D:3      | Reached skill level 1 in Fire Magic
  2237 | D:3      | Reached XP level 5. HP: 23/28 MP: 5/11
  2506 | D:4      | Noticed Robin
  2587 | D:3      | Killed Robin
  2638 | D:4      | Learned a level 4 spell: Cause Fear
  2721 | D:4      | Reached skill level 5 in Hexes
  2852 | D:4      | Noticed Grinder
  2909 | D:4      | Noticed an ogre
  2914 | D:4      | Killed an ogre
  2915 | D:4      | Reached XP level 6. HP: 33/33 MP: 2/12
  3014 | D:4      | Killed Grinder
  3195 | D:5      | Entered Level 5 of the Dungeon
  3203 | D:5      | Reached XP level 7. HP: 37/37 MP: 9/13
  3296 | D:5      | Found a runed translucent door.
  3297 | D:5      | Noticed redkitty's ghost (novice GnFi)
  3316 | D:5      | Reached skill level 1 in Fighting
  3368 | D:5      | Reached skill level 2 in Fighting
  3581 | D:5      | Reached skill level 3 in Fighting
  3942 | D:5      | Reached XP level 8. HP: 46/46 MP: 8/14
  4393 | D:6      | Reached skill level 4 in Fighting
  4573 | D:6      | Reached skill level 5 in Fighting
  4744 | D:6      | Found a broken altar of Ashenzari.
  4806 | D:6      | Became a worshipper of Ashenzari the Shackled
  4893 | D:6      | Reached skill level 10 in Ranged Weapons
  4903 | D:6      | Reached XP level 9. HP: 54/54 MP: 7/15
  5090 | D:5      | Reached skill level 5 in Dodging
  5514 | D:6      | Found a large runed translucent door.
  5517 | D:6      | Found a large runed translucent door.
  5643 | D:6      | Found a white marble altar of Elyvilon.
  5646 | D:6      | Found a sparkling altar of Nemelex Xobeh.
  6090 | D:7      | Reached skill level 6 in Fighting
  6092 | D:7      | Reached * piety under Ashenzari
  6092 | D:7      | Identified a scroll of acquirement
  6147 | D:7      | Acquired the amulet of the Catfish {RegenMP rF+ rN++}
  6191 | D:7      | Found a staircase to the Ecumenical Temple.
  6471 | D:7      | Reached skill level 7 in Fighting
  6471 | D:7      | Reached skill level 1 in Conjurations
  6855 | D:2      | Killed Sigmund
  6861 | D:2      | Learned a level 4 spell: Fulminant Prism
  6931 | D:2      | Reached ** piety under Ashenzari
  7088 | D:8      | Noticed Psyche
  7122 | D:7      | Identified the cursed +0 shortbow "Per Aspera Ad Scientiam"
                  | {Bglg, Fort} (You took it off a centaur on level 6 of the
                  | Dungeon)
  7206 | D:8      | Noticed a two-headed ogre
  7224 | D:8      | Killed a two-headed ogre
  7225 | D:8      | Reached XP level 10. HP: 63/63 MP: 12/16
  7269 | D:8      | Found a staircase to the Lair.
  7811 | D:9      | Reached skill level 8 in Fighting
  7980 | D:9      | Found a transporter.
  7983 | D:9      | Noticed sunglassesatnite's ghost (novice MiBe)
  8112 | D:9      | Found a transporter.
  8119 | D:9      | Found a flagged portal.
  8129 | Bailey   | Entered a bailey
  8781 | Bailey   | Noticed an orc knight
  8795 | Bailey   | Killed an orc knight
  8796 | Bailey   | Reached XP level 11. HP: 45/72 MP: 15/18
  9594 | D:10     | Entered Level 10 of the Dungeon
  9880 | D:10     | Identified the +2 dagger "Koluil" {flame, Int+2 Dex+4}
 10809 | D:10     | Reached skill level 10 in Dodging
 11125 | D:10     | Reached skill level 15 in Ranged Weapons
 11324 | D:10     | Reached XP level 12. HP: 66/77 MP: 20/20
 11813 | Lair:1   | Entered Level 1 of the Lair of Beasts
 11980 | Lair:1   | Reached skill level 9 in Fighting
 12189 | Lair:1   | Found a shimmering altar of Xom.
 12195 | Lair:1   | Learned a level 3 spell: Portal Projectile
 12302 | Lair:1   | Reached *** piety under Ashenzari
 12567 | Lair:2   | Noticed Maggie
 12571 | Lair:2   | Killed Maggie
 12590 | Lair:2   | Noticed Amaemon
 12608 | Lair:1   | Killed Amaemon
 13348 | Lair:2   | Reached skill level 10 in Fighting
 13683 | Lair:2   | Found a staircase to the Snake Pit.
 13766 | Lair:2   | Reached XP level 13. HP: 82/87 MP: 24/24
 13836 | Lair:2   | Reached **** piety under Ashenzari
 14015 | Lair:3   | Learned a level 7 spell: Enfeeble
 14141 | Lair:3   | Found a staircase to the Shoals.
 14231 | Lair:3   | Reached skill level 10 in Hexes
 14925 | Lair:4   | Found a viscous altar of Jiyva.
 14928 | Lair:4   | Found a staircase to the Slime Pits.
 15031 | Lair:4   | Identified the amulet of Dim Light {RegenMP rElec rPois}
 15032 | Lair:4   | Identified the +6 morningstar of Ruination {flame, Str-5
                  | Dex+6}
 15406 | Lair:4   | Reached skill level 5 in Spellcasting
 15816 | Lair:5   | Entered Level 5 of the Lair of Beasts
 16185 | Lair:5   | Reached skill level 15 in Dodging
 16329 | Lair:5   | Reached XP level 14. HP: 90/96 MP: 24/29
 16409 | Lair:5   | Reached ***** piety under Ashenzari
 16535 | Lair:5   | Acquired a +1 pair of boots of flying
 16968 | Lair:5   | Reached skill level 1 in Evocations
 17175 | Lair:5   | Reached skill level 11 in Fighting
 17647 | D:8      | Killed Psyche
 18436 | D:11     | Learned a level 5 spell: Yara's Violent Unravelling
 19057 | D:12     | Reached skill level 12 in Fighting
 19250 | D:12     | Noticed Frances
 19261 | D:12     | Killed Frances
 19363 | D:12     | Found a staircase to the Orcish Mines.
 19549 | Orc:1    | Entered Level 1 of the Orcish Mines
 20011 | Orc:2    | Entered Level 2 of the Orcish Mines
 20011 | Orc:2    | Found a staircase to the Elven Halls.
 20015 | Orc:2    | Noticed Rupert
 20044 | Orc:1    | Killed Rupert
 20298 | Orc:2    | Reached XP level 15. HP: 98/104 MP: 16/29
 20320 | Orc:2    | Found Edingoh's General Store.
 20321 | Orc:2    | Noticed Josephine
 20327 | Orc:2    | Killed Josephine
 20328 | Orc:2    | Reached skill level 13 in Fighting
 20342 | Orc:2    | Found Oqaom's Assorted Antiques.
 20344 | Orc:2    | Found Maelih's Jewellery Shop.
 20355 | Orc:2    | Found Quacseid's Antique Armour Emporium.
 20418 | Orc:2    | Found a gate leading to a gauntlet.
 20423 | Orc:2    | Noticed Azrael
 20441 | Orc:2    | Killed Azrael
 20453 | Gauntlet | Entered a Gauntlet
 20453 | Gauntlet | Identified the ring "Juoqul" {rC+ rCorr Dex+2}
 20453 | Gauntlet | Found a transporter.
 20463 | Gauntlet | Found a transporter.
 20479 | Gauntlet | Found a transporter.
 20484 | Gauntlet | Found a transporter.
 20499 | Gauntlet | Found a transporter.
 20518 | Gauntlet | Found a transporter.
 20530 | Gauntlet | Found a transporter.
 20531 | Gauntlet | Identified the +0 pair of boots of Diasineg {Harm rC+}
 20537 | Gauntlet | Found a transporter.
 20553 | Gauntlet | Identified the +1 bardiche "Meshrurch" {freeze, Int+3 Dex+3
                  | Stlth+}
 20554 | Gauntlet | Found a transporter.
 20559 | Gauntlet | Found a transporter.
 20559 | Gauntlet | Found a transporter.
 20574 | Gauntlet | Found a transporter.
 20580 | Gauntlet | Found a transporter.
 20595 | Gauntlet | Found a transporter.
 20596 | Gauntlet | Identified the ring of the Hart {rC+ rN+ Will+ MP+9 Str+6
                  | Int-5}
 20612 | Gauntlet | Found a transporter.
 20632 | Gauntlet | Found a transporter.
 20634 | Gauntlet | Found a runed translucent gate.
 20634 | Gauntlet | Found a runed translucent gate.
 20634 | Gauntlet | Found a runed translucent gate.
 20637 | Gauntlet | Found a large runed translucent door.
 20637 | Gauntlet | Found a large runed translucent door.
 20637 | Gauntlet | Found a large runed translucent door.
 20637 | Gauntlet | Found a large runed translucent door.
 20640 | Gauntlet | Found a large runed translucent door.
 20640 | Gauntlet | Found a large runed translucent door.
 20641 | Gauntlet | Found a large runed translucent door.
 20641 | Gauntlet | Found a large runed translucent door.
 20644 | Gauntlet | Found a large runed translucent door.
 20644 | Gauntlet | Found a large runed translucent door.
 20644 | Gauntlet | Found a runed translucent door.
 20644 | Gauntlet | Found a runed translucent door.
 20645 | Gauntlet | Found a large runed translucent door.
 20646 | Gauntlet | Found a large runed translucent door.
 20655 | Gauntlet | Found a large runed translucent door.
 20655 | Gauntlet | Found a large runed translucent door.
 20656 | Gauntlet | Found a large runed translucent door.
 20657 | Gauntlet | Found a large runed translucent door.
 20659 | Gauntlet | Found a transporter.
 20677 | Gauntlet | Found a transporter.
 20910 | Gauntlet | Identified the +6 short sword "Nuseol" {venom, Fragile rF+
                  | Str+5}
 20984 | Gauntlet | Reached skill level 14 in Fighting
 20984 | Gauntlet | Reached XP level 16. HP: 112/112 MP: 22/30
 21612 | D:13     | Reached skill level 5 in Evocations
 21931 | D:13     | Found a runed translucent gate.
 21931 | D:13     | Found a runed translucent gate.
 21933 | D:13     | Found a runed translucent gate.
 21933 | D:13     | Noticed Tuedos's ghost (journeyman BaGl)
 21934 | D:13     | Identified the +3 long sword of Gihifeq {heavy, rN++ Will-
                  | Str+3}
 21942 | D:13     | Identified the +0 trident of Edes {antimagic, Fly Int+5
                  | Dex-2}
 21968 | D:13     | Found a gate to the Vaults.
 22340 | D:14     | Noticed Louise
 22364 | D:14     | Killed Louise
 22465 | D:14     | Noticed Jorgrun
 22488 | D:14     | Killed Jorgrun
 22542 | D:14     | Found a frozen archway.
 22661 | IceCv    | Entered an ice cave
 24006 | D:14     | Reached ****** piety under Ashenzari
 24197 | D:14     | Reached skill level 1 in Armour
 24288 | D:14     | Reached XP level 17. HP: 122/122 MP: 29/33
 24730 | Snake:1  | Entered Level 1 of the Snake Pit
 24757 | Snake:1  | Reached skill level 15 in Fighting
 24783 | Snake:1  | Learned a level 4 spell: Passage of Golubria
 24825 | Snake:1  | Reached skill level 1 in Translocations
 25138 | Snake:1  | Reached skill level 1 in Transmutations
 25842 | Snake:2  | Found Woirunt's Distillery.
 25854 | Snake:2  | Bought a potion of resistance for 190 gold pieces
 25854 | Snake:2  | Bought a potion of haste for 190 gold pieces
 25854 | Snake:2  | Bought a potion of haste for 190 gold pieces
 25854 | Snake:2  | Bought 2 potions of mutation for 304 gold pieces
 25854 | Snake:2  | Bought a potion of invisibility for 152 gold pieces
 25857 | Snake:2  | Gained mutation: Your flesh is cold resistant. (rC+)
                  | [potion of mutation]
 25857 | Snake:2  | Gained mutation: Your magical capacity is low. (-10% MP)
                  | [potion of mutation]
 25857 | Snake:2  | Gained mutation: You are partially covered in iridescent
                  | scales. (AC +2) [potion of mutation]
 26224 | Snake:2  | Found a runed translucent door.
 26225 | Snake:2  | Noticed Roemi Joo's ghost (journeyman FeCK)
 26225 | Snake:2  | Identified the +8 quarterstaff of Inquiry {freeze, *Slow
                  | rElec Will- rCorr SInv}
 26296 | Snake:2  | Reached skill level 10 in Evocations
 27151 | Snake:2  | Noticed Nikola
 27167 | Snake:2  | Killed Nikola
 28349 | Snake:3  | Upgraded the game from 0.31-a0-523-g071a6c1ffa to
                  | 0.31-a0-532-g28f74ba3e5
 28355 | Snake:3  | Reached XP level 18. HP: 128/128 MP: 30/30
 28988 | Snake:4  | Entered Level 4 of the Snake Pit
 29334 | Snake:4  | Found Lonnyist's Book Boutique.
 29342 | Snake:4  | Bought an Inescapable Atlas for 192 gold pieces
 29345 | Snake:4  | Learned a level 2 spell: Blink
 29345 | Snake:4  | Bought a book of Chaos for 600 gold pieces
 29724 | Snake:4  | Learned a level 8 spell: Discord
 29923 | Snake:4  | Reached skill level 15 in Hexes
 30071 | Snake:4  | Reached skill level 16 in Fighting
 30164 | Snake:4  | Got a serpentine rune of Zot
 30684 | Shoals:1 | Entered Level 1 of the Shoals
 30684 | Shoals:1 | Noticed Mlioglotl
 30750 | Lair:3   | Killed Mlioglotl
 30827 | Shoals:1 | Reached skill level 17 in Fighting
 31952 | Shoals:2 | Reached XP level 19. HP: 139/139 MP: 23/34
 32210 | Shoals:2 | Noticed Roxanne
 32240 | Shoals:2 | Killed Roxanne
 32661 | Shoals:3 | Noticed Mara
 32680 | Shoals:3 | Killed Mara
 32814 | Shoals:3 | Noticed Ilsuiw
 32843 | Shoals:3 | Killed Ilsuiw
 33385 | Shoals:3 | Identified the +2 kite shield of the Rotten Turtledove
                  | {Int+2 SInv}
 33385 | Shoals:3 | Noticed Donald
 33414 | Shoals:3 | Killed Donald
 33586 | Shoals:4 | Entered Level 4 of the Shoals
 33787 | Shoals:4 | Identified the amulet of the Tempest {Faith Will+ Int-2
                  | Dex+9 Stlth+}
 33905 | Shoals:4 | Identified the +7 dagger of Jabot {drain, *Slow Will+ SInv}
 34113 | Shoals:4 | Identified the ring of Dokoakhla {rC+ Will+ Str+5}
 34468 | Shoals:4 | Got a barnacled rune of Zot
 34519 | Shoals:4 | Reached skill level 10 in Spellcasting
 34684 | Shoals:4 | Found the -2 hat of the Alchemist {rElec rPois rF+ rC+ rN+
                  | Will+ rMut rCorr}
 35200 | Elf:1    | Entered Level 1 of the Elven Halls
 35277 | Elf:1    | Learned a level 5 spell: Summon Mana Viper
 35320 | Elf:1    | Reached skill level 1 in Summonings
 35619 | Elf:1    | Reached skill level 5 in Summonings
 35778 | Elf:1    | Identified the Elucidation of the Wilderness
 36310 | Elf:2    | Reached XP level 20. HP: 145/145 MP: 34/38
 36377 | Elf:2    | Found a magical portal.
 36403 | WizLab   | Entered Doroklohe's Tomb
 36903 | Elf:2    | Found a runed translucent gate.
 36904 | Elf:2    | Found a runed translucent gate.
 36904 | Elf:2    | Found a runed translucent gate.
 37091 | Elf:3    | Entered Level 3 of the Elven Halls
 37206 | Elf:3    | Found Fuintuj's Antique Armour Shoppe.
 37287 | Elf:3    | Reached skill level 5 in Translocations
 37681 | Snake:4  | Bought a Grand Grimoire for 408 gold pieces
 37689 | Snake:4  | Learned a level 7 spell: Malign Gateway
 38541 | Elf:3    | Identified the +10 dagger "Vopsuxt" {heavy, rPois rF++}
 38624 | Elf:3    | Reached skill level 10 in Summonings
 38665 | Elf:3    | Identified the +1 chain mail of the Trees {rN+ Str+3}
 38778 | Elf:3    | Identified the ring of the Komtur {rN+ MP+9 Int+4}
 38779 | Elf:3    | Identified the +2 cloak "Hafua" {Fly rCorr}
 38788 | Elf:3    | Identified the +5 hand axe of Enuku {heavy, MP+9 Int+4
                  | Dex+4}
 38827 | Elf:3    | Identified the +8 scimitar of Mana {drain, Fly rPois MP-9
                  | Stlth-}
 38828 | Elf:3    | Found the +8 whip "Snakebite" {venom, curare, rPois}
 39308 | Vaults:1 | Entered Level 1 of the Vaults
 39409 | Vaults:1 | Noticed Norris
 39422 | Vaults:1 | Killed Norris
 39745 | Vaults:1 | Found Reub's Magic Scroll Shoppe.
 39776 | Vaults:1 | Bought a scroll of teleportation for 51 gold pieces
 39776 | Vaults:1 | Bought a scroll of summoning for 161 gold pieces
 39840 | Vaults:1 | Found a transporter.
 39840 | Vaults:1 | Identified the +0 cloak "Lizu" {rF- Regen+ Str-2 Int+8}
 39851 | Vaults:1 | Found a transporter.
 40505 | Vaults:2 | Found Qeuneef's Assorted Antiques.
 40537 | Vaults:2 | Bought a pair of spiked gloves for 285 gold pieces
 40537 | Vaults:2 | Identified the +1 pair of gloves "Titosawk" {Stlth+} (You
                  | bought it in a shop on level 2 of the Vaults)
 40537 | Vaults:2 | Bought a wand of charming (5) for 360 gold pieces
 40550 | Vaults:2 | Found Punusul's Jewellery Shop.
 40656 | Vaults:2 | Identified the Atlas of Entranced Clouds
 40771 | Vaults:2 | Reached skill level 10 in Translocations
 40956 | Vaults:2 | Noticed Zenata
 41093 | Vaults:2 | Killed Zenata
 41285 | Vaults:2 | Reached XP level 21. HP: 150/151 MP: 34/38
 41518 | Vaults:2 | Found Aggoowne's Distillery.
 41527 | Vaults:2 | Bought 2 potions of invisibility for 208 gold pieces
 41527 | Vaults:2 | Bought a potion of curing for 39 gold pieces
 41527 | Vaults:2 | Bought a potion of heal wounds for 65 gold pieces
 41779 | Vaults:2 | Found a staircase to the Crypt.
 41779 | Vaults:2 | Found an ancient bone altar of Kikubaaqudgha.
 41780 | Vaults:2 | Found a basalt altar of Yredelemnul.
 41860 | Vaults:2 | Found Femog's Armour Shop.
 41919 | Vaults:3 | Identified the Discursus on Ensorcelling and Cinders
 42094 | Vaults:3 | Reached skill level 18 in Fighting
 43475 | Vaults:4 | Found a crumbling gateway.
 43483 | Desolati | Entered the Desolation of Salt
 43574 | Desolati | Reached skill level 19 in Fighting
 43720 | Desolati | Identified Ihuad's Notes on Red-Hot Confrontation
 43720 | Desolati | Identified the Volume of Aeromancy and Glamour
 44033 | Desolati | Identified the +0 plate armour "Tifotsat" {Dex+3}
 44033 | Desolati | Identified the Compilation of Anthracomancy and Bodies
 44033 | Desolati | Identified the +3 great sword of Suipp {freeze, Will-
                  | Str+6}
 44054 | Desolati | Identified the +1 chain mail "Earthly Heaven" {-Cast rPois
                  | rN+}
 44134 | Desolati | Identified the ring "Zisorol" {rF+ EV+5 Str+2 Slay+2}
 44155 | Desolati | Identified the Almanac of Relocation
 44155 | Desolati | Identified the +7 hand axe "Arbiter" {flame, rPois rF+
                  | Int-3 Dex+4}
 44630 | Orc:2    | Bought the macabre finger necklace {Finger+ rN+} for 640
                  | gold pieces
 44630 | Orc:2    | Found the macabre finger necklace {Finger+ rN+}
 44863 | Vaults:4 | Noticed Mennas
 45028 | D:15     | Entered Level 15 of the Dungeon
 45160 | D:15     | Found a stormy altar of Qazlal.
 45263 | D:15     | Found a staircase to the Depths.
 45897 | Depths:1 | Entered Level 1 of the Depths
 46110 | Depths:1 | Found Qaegapn's Book Emporium.
 46160 | Depths:1 | Found a gateway to Hell.
 47120 | Depths:1 | Found a basalt altar of Yredelemnul.
 47134 | Depths:1 | Reached XP level 22. HP: 160/160 MP: 40/40
 47385 | Depths:2 | Found a bloodstained altar of Trog.
 47502 | Depths:2 | Noticed Bai Suzhen
 47528 | Depths:2 | Killed Bai Suzhen
 47745 | Depths:2 | Identified the staff "Ixzaib" {+Blink rC++ Will- Dex+4
                  | Earth}
 47747 | Depths:2 | Identified the -1 cloak of Boyf {-Tele rPois Int+2 Dex+6}
 47747 | Depths:2 | Identified the +6 sling of Rabreg {heavy, Drain +Blink
                  | SInv}
 47801 | Depths:2 | Noticed an ancient lich
 48079 | Depths:2 | Killed an ancient lich
 48100 | Depths:2 | Identified the +0 plate armour of Pukinlat {Drain rElec
                  | Dex+3}
 48216 | Depths:2 | Found a one-way gate leading to the halls of Pandemonium.
 48349 | Depths:2 | Noticed Sojobo
 48351 | Depths:2 | Paralysed by an air elemental for 1 turns
 48361 | Depths:2 | Killed Sojobo
 48363 | Depths:2 | Reached skill level 15 in Summonings
 48374 | Depths:2 | Reached skill level 15 in Spellcasting
 49146 | Depths:2 | Found Nyriepess's Book Shop.
 49146 | Depths:2 | Found Jesezouc's Jewellery Shoppe.
 49148 | Depths:2 | Found Veproalo's Jewellery Shoppe.
 49361 | Depths:2 | Found a one-way gate to the infinite horrors of the Abyss.
 50000 | Depths:3 | Noticed a juggernaut
 50011 | Depths:3 | Killed a juggernaut
 50214 | Depths:3 | Found a one-way gateway to a ziggurat.
 50501 | Depths:3 | Noticed a caustic shrike
 50508 | Depths:3 | Killed a caustic shrike
 50562 | Depths:3 | Learned a level 9 spell: Dragon's Call
 51291 | Depths:4 | Entered Level 4 of the Depths
 51291 | Depths:4 | Noticed a golden dragon
 51300 | Depths:4 | Killed a golden dragon
 51321 | Depths:4 | Reached XP level 23. HP: 167/167 MP: 34/44
 51895 | Depths:4 | Found a gate to the Realm of Zot.
 53072 | Vaults:4 | Killed Mennas
 53392 | Vaults:4 | Found Xuzen's Antique Weapon Shop.
 53704 | Vaults:4 | Noticed Xtahua
 53714 | Vaults:4 | Killed Xtahua
 54200 | Vaults:4 | Found a transporter.
 54243 | Vaults:4 | Found a transporter.
 54244 | Vaults:4 | Identified the +2 scale mail of the Komodo Dragon {-Tele
                  | rElec Slay+2}
 54245 | Vaults:4 | Identified the ring of Xotoapt {rF- rN+ Will++ Slay+5
                  | Stlth+}
 54245 | Vaults:4 | Identified the staff of the Shimmering Seeker {Fragile rF+
                  | rN+++ Int-3 SInv Fire}
 54245 | Vaults:4 | Identified the ring "Beqach" {Will+ MP+9}
 54245 | Vaults:4 | Identified the +4 morningstar "Efourch" {flame, Int+3}
 54420 | Vaults:5 | Entered Level 5 of the Vaults
 54799 | Vaults:5 | Identified the ring "Uciaddus" {rElec rCorr}
 54984 | Vaults:5 | Got a silver rune of Zot
 55212 | Vaults:5 | Reached XP level 24. HP: 173/173 MP: 34/44
 55307 | Vaults:5 | Noticed a dread lich
 55314 | Vaults:5 | Killed a dread lich
 55452 | Vaults:5 | Found Kyanomie's Antique Weapon Boutique.
 55628 | Vaults:5 | Noticed a dread lich
 55633 | Vaults:5 | Killed a dread lich
 55634 | Vaults:5 | Reached skill level 20 in Fighting
 55903 | Vaults:5 | Found the +6 lightning scales {swift, rElec}
 55959 | Vaults:5 | Identified the orb of Vanity {*Rage, rC+}
 56464 | Vaults:5 | Identified the staff "Tethrorick" {Drain rC+ Str+2 Int+4
                  | Conj}
 56474 | Vaults:5 | Acquired 550 gold pieces
 57110 | Zot:1    | Entered Level 1 of the Realm of Zot
 57431 | Zot:3    | Noticed Vv
 57432 | Zot:3    | Reached skill level 21 in Fighting
 57584 | Zot:3    | Killed Vv
 57993 | Zot:5    | Entered Level 5 of the Realm of Zot
 58593 | Zot:5    | Noticed a dread lich
 58610 | Zot:5    | Killed a dread lich
 58653 | Zot:5    | Noticed an ancient lich
 58665 | Zot:5    | Killed an ancient lich
 58666 | Zot:5    | Reached skill level 22 in Fighting
 58680 | Zot:5    | Noticed a Killer Klown
 58684 | Zot:5    | Killed a Killer Klown
 58844 | Zot:5    | Noticed an orb of fire
 58861 | Zot:5    | Killed an orb of fire
 59141 | Zot:5    | Noticed a Killer Klown
 59150 | Zot:5    | Killed a Killer Klown
 59151 | Zot:5    | Reached XP level 25. HP: 179/185 MP: 22/44
 59623 | Zot:5    | Reached skill level 23 in Fighting
 59634 | Zot:5    | Noticed an orb of fire
 59644 | Zot:5    | Noticed an ancient lich
 59647 | Zot:5    | Killed an orb of fire
 59650 | Zot:5    | Killed an ancient lich
 59843 | Zot:5    | Got the Orb of Zot
 59844 | Zot:5    | Noticed a Killer Klown
 59844 | Zot:5    | Noticed a Killer Klown
 59844 | Zot:5    | Noticed a Killer Klown
 60214 | D:13     | Noticed Wagufena the pandemonium lord
 60498 | D:$      | Escaped with the Orb!

Illustrated notes

Levels and vault maps discovered:
D:1:      eino_arrival_tree_alley, layout_loops_ring
D:2:      layout_loops_ring, minmay_crystal_room, uniq_sigmund
D:3:      layout_basic, dreamdust_ecumenical_altar_hidden_monk_grotto
D:4:      layout_cave_pools, uniq_robin, uniq_grinder
D:5:      layout_loops_ring, gammafunk_ghost_grave, corexii_leaking_fountain
D:6:      layout_rooms, nicolae_ashenzari_skybound, jmf_multi_god_temple2,
          hellmonk_no_cap
D:7:      layout_gridville, minmay_temple_entry_overgrown
D:8:      layout_rooms, dpeg_oklobed_lair, uniq_psyche
D:9:      layout_basic, enter_bailey_6, gammafunk_ghost_stat_death
D:10:     hangedman_screamer, layout_layer_cave
D:11:     layout_loops_cross, nicolae_hexahallways
D:12:     layout_gridville, erik_orc_1, grunt_decor_clamped, uniq_frances
D:13:     layout_basic, hellmonk_vaults_attempted_burglary,
          gammafunk_ghost_hydra_chop
D:14:     layout_long_grid, grunt_decor_mini_mirrors,
          portal_ice_cave_entry_ice_statue_one, einodemon_crawler_minivault,
          uniq_louise, uniq_jorgrun
D:15:     gammafunk_depths_entry_grave, layout_loops_ring, grunt_qazlal_clouds
Lair:1:   layout_cave_shapes, lemuel_oklob_altar
Lair:2:   layout_loops_ring, minmay_snake_entry_guardpost_small,
          forest_entry_grove, grunt_megastairs_4, uniq_amaemon, uniq_maggie
Lair:3:   layout_big_grid, shoals_dummy_entry
Lair:4:   layout_cave_pods, nicolae_slime_entry_slimehenge
Lair:5:   grunt_lair_end_beastmaster, layout_cave_pods, minivault_27,
          serial_bayou_shore_b
Shoals:1: layout_shoals, nicolae_shoals_secluded_bog, uniq_mlioglotl
Shoals:2: layout_shoals, uniq_roxanne
Shoals:3: layout_shoals, uniq_ilsuiw, uniq_mara, uniq_donald
Shoals:4: shoals_end_grunt_ice, layout_shoals, argonaut_gorgonesque
Snake:1:  layout_misc_corridors, drop_trap
Snake:2:  layout_layer_cave, ebering_ghost_reflecting_pool, serial_shops, shop,
          nicolae_snake_scaly_snakehead, lemuel_fruit_tree, uniq_nikola
Snake:3:  layout_gridlike
Snake:4:  grunt_snake_rune_spirals, layout_onion, serial_shops,
          nicolae_lakefront_shop
Orc:1:    layout_caves, nicolae_orc_stony_grotto
Orc:2:    st_orc_open, layout_caves, gauntlet_entry_generic, uniq_rupert,
          uniq_azrael, uniq_josephine
Elf:1:    nicolae_elf_arrival_aired_out, layout_gridlike, special_room
          [special_room_orc], minmay_elf_demonology, amcnicky_mini_pool_small
Elf:2:    nicolae_elf_blades_crystal_corner, layout_gridlike,
          lightli_enter_wizlab_magi_temple
Elf:3:    minmay_elf_hall_spiked, layout_geoelf_octagon, serial_shops,
          nicolae_shop_tiny_real_fake_doors
Vaults:1: grunt_vaults_focal, ontoclasm_vaults_idyll,
          nicolae_vaults_offset_grid_hallway_1, vaults_mumra_chevron_long,
          nicolae_vaults_house_2, v_misc_25, gammafunk_sealed_arena,
          nicolae_vaults_shelves_hall, nicolae_vaults_house_3,
          nicolae_vaults_what_the_h, nicolae_vaults_trapezoid_lopsided_1,
          nicolae_vaults_circle_grid_a, ontoclasm_vaults_ring_large,
          layout_vaults_maze, serial_shops, shop, uniq_norris
Vaults:2: v_misc_3, nicolae_vaults_little_squares_6, vaults_mumra_hex,
          minmay_crypt_entry_necro_gods, vaults_mumra_minichess_inversion,
          v_misc_18, nicolae_vaults_mini_display_case, layout_vaults_omnigrid,
          serial_shops, shop, nicolae_shop_tiny_real_fake_doors,
          nicolae_lakefront_shop, shop, uniq_zenata
Vaults:3: nicolae_vaults_double_plus_1, v_pattern_2, hangedman_vaults_nodes,
          nicolae_vaults_meiosis, nicolae_vaults_trapezoid_1,
          nicolae_vaults_three_branches, nicolae_vaults_house_1,
          nicolae_vaults_stepped_doors, nicolae_vaults_surprise_closet,
          v_alt_pattern_1, ontoclasm_vaults_ligature, layout_vaults_chaotic_city
Vaults:4: portal_desolation_entry_garden, nicolae_vaults_variable_pillar_hall,
          nicolae_vaults_closet_pinwheel_6, gammafunk_dig_for_victory,
          vaults_dpeg_cross, v_misc_2, nicolae_vaults_surprise_closet,
          nicolae_vaults_house_3, nicolae_vaults_little_squares_2,
          vaults_standard_mumra_enter_the_diamond, nicolae_vaults_specimen_jars,
          layout_vaults_omnicross, serial_shops, shop, uniq_mennas, uniq_xtahua
Vaults:5: serial_shops, uniq_margery
Depths:1: layout_gridlike, serial_shops, shop, minmay_misc_feat_chi,
          hangedman_coc_ice_floe, st_stairs_11, grunt_ministairs_4,
          yredelemnul_forgotten_temple_becter
Depths:2: cheibrodos_cascadia, layout_basic, abyss_entry, bloody_trog,
          hellmouth_3, rand_demon_pan_entry_4, kennysheep_generic_room_4,
          minmay_shop_grove, infiniplex_staircase_zigzag_2, uniq_bai_suzhen,
          uniq_josephina, uniq_sojobo
Depths:3: nicolae_legendary_halls, layout_cave_pools, enter_ziggurat_c,
          pan_entry, hangedman_decor_opposing, abyss_entry_crystal, hell_entry
Depths:4: evilmike_zot_entry_argh, layout_basic, grunt_mini_vestibule,
          minmay_tree_intersection, abyss_entry_small_statue_room
Zot:1:    layout_twisted_circle
Zot:2:    layout_basic, hellmonk_zot_clocked, grunt_megastairs_2, uniq_parghit
Zot:3:    layout_basic, uniq_vv
Zot:4:    cheibrodos_zot_enchanting_chambers, layout_basic
Zot:5:    layout_concentric_octagons

Skill      XL: |  1  2  3  4  5  6  7  8  9 10 11 12 13 14 15 16 17 18 19 20 21 22 23 24 25 |
---------------+----------------------------------------------------------------------------+-----
Ranged Weapons | 3 5 6 8 10 11 12 15 16 17 18 | 18.0
Spellcasting   | 2 3 4 5 8 11 13 15 | 15.9
Fire Magic     | 1 3 |  3.0
Hexes          | 5 7 8 13 14 15 17 | 17.2
Fighting       | 3 5 7 8 10 12 14 15 17 19 22 23 | 23.3
Dodging        | 3 6 8 10 13 15 18 19 | 19.8
Conjurations   | 3 |  3.8
Evocations     | 4 7 12 | 12.0
Armour         | 2 3 |  3.7
Translocations | 1 2 10 | 10.4
Transmutations | 4 |  4.6
Summonings     | 7 12 13 18 22 | 22.7

Action                     |  1- 3 |  4- 6 |  7- 9 | 10-12 | 13-15 | 16-18 | 19-21 | 22-24 | 25-27 || total
---------------------------+-------+-------+-------+-------+-------+-------+-------+-------+-------++-------
   Fire: Sling             |   109 |   126 |    94 |       |       |       |       |       |       ||   329
         Shortbow          |       |       |   181 |       |       |       |       |       |       ||   181
         Orcbow            |       |       |     6 |   782 |  1053 |  1255 |       |       |       ||  3096
         Longbow           |       |       |       |       |       |   410 |  1404 |  1181 |   101 ||  3096
   Cast: Slow              |     3 |    24 |    26 |    21 |       |       |       |       |       ||    74
         Inner Flame       |       |     6 |    49 |    59 |    59 |    29 |       |       |       ||   202
         Cause Fear        |       |       |    11 |    28 |    11 |     6 |     1 |       |       ||    57
         Fulminant Prism   |       |       |       |     3 |       |     1 |     1 |       |       ||     5
         Portal Projectile |       |       |       |     2 |     7 |     4 |     7 |     3 |     2 ||    25
         Enfeeble          |       |       |       |       |    40 |   160 |    86 |    88 |     3 ||   377
         Yara's Violent Un |       |       |       |       |       |    32 |    59 |    18 |     1 ||   110
         Passage of Golubr |       |       |       |       |       |     1 |     2 |       |       ||     3
         Discord           |       |       |       |       |       |    10 |    72 |    65 |     3 ||   150
         Blink             |       |       |       |       |       |     3 |     5 |     2 |     1 ||    11
         Summon Mana Viper |       |       |       |       |       |       |     4 |       |       ||     4
         Malign Gateway    |       |       |       |       |       |       |    11 |    21 |     7 ||    39
         Dragon's Call     |       |       |       |       |       |       |       |    11 |     4 ||    15
 Invoke: Curse Item        |       |       |     2 |     4 |     4 |     3 |     1 |     2 |       ||    16
         Shatter the Chain |       |       |     1 |       |     2 |     1 |     2 |       |       ||     6
    Use: Scroll            |     1 |       |     5 |     1 |     4 |    12 |     2 |     4 |     3 ||    32
         Potion            |       |       |       |       |     1 |     2 |       |     3 |     1 ||     7
 Armour: Robe              |    13 |    15 |    27 |    66 |    30 |       |       |       |       ||   151
         Troll leather arm |       |       |       |       |    25 |   111 |    77 |    52 |     7 ||   272
  Dodge: Dodged            |    28 |    23 |    48 |   257 |   271 |   600 |   385 |   374 |    29 ||  2015

Table legend: (Time is in decaauts)
 A = Elapsed time spent in this place.
 B = Non-inter-level travel time spent in this place.
 C = Inter-level travel time spent in this place.
 D = Time resting spent in this place.
 E = Time spent auto-exploring this place.
 F = Levels seen in this place.
 G = Mean time per level.
                   A        B        C        D        E       F      G
               +--------+--------+--------+--------+--------+-----+--------+
         Total |  59153 |  54036 |   5117 |  12243 |  25302 |  52 | 1137.6 |
       Dungeon |  16964 |  14565 |   2399 |   2535 |   8649 |  15 | 1130.9 |
          Lair |   5926 |   5415 |    511 |   1201 |   2877 |   5 | 1185.2 |
        Shoals |   4109 |   3969 |    140 |    457 |   2454 |   4 | 1027.2 |
     Snake Pit |   5784 |   5441 |    343 |    807 |   2332 |   4 | 1446.0 |
  Orcish Mines |   1510 |   1331 |    179 |    247 |    687 |   2 |  755.0 |
   Elven Halls |   3247 |   3051 |    196 |    473 |   1415 |   3 | 1082.3 |
        Vaults |   8348 |   7524 |    824 |   1835 |   3653 |   5 | 1669.6 |
        Depths |   6992 |   6560 |    432 |   2109 |   2594 |   4 | 1748.0 |
           Zot |   2831 |   2740 |     91 |   1352 |    202 |   5 |  566.2 |
        Bailey |    775 |    775 |      0 |    376 |      0 |   1 |  775.0 |
      Ice Cave |   1082 |   1082 |      0 |    515 |     63 |   1 | 1082.0 |
        Wizlab |    229 |    229 |      0 |     96 |      0 |   1 |  229.0 |
    Desolation |    824 |    824 |      0 |    160 |    173 |   1 |  824.0 |
      Gauntlet |    527 |    527 |      0 |     75 |    203 |   1 |  527.0 |
               +--------+--------+--------+--------+--------+-----+--------+

Top non-repeatable levels by time:
Depths:2: 2695 daAuts
Vaults:5: 2291 daAuts
    D:10: 2284 daAuts
 Snake:2: 2202 daAuts
   Zot:5: 1869 daAuts
Vaults:2: 1654 daAuts
  Lair:5: 1645 daAuts
Vaults:4: 1611 daAuts
 Snake:4: 1583 daAuts
     D:5: 1579 daAuts
   Elf:3: 1529 daAuts
Vaults:3: 1505 daAuts
Depths:4: 1433 daAuts
Depths:1: 1433 daAuts
Depths:3: 1430 daAuts
